 Dungeon Crawl Stone Soup version 0.24-a0-335-g06ca16a (webtiles) character file.

Game seed: 9695211029389161120

489 Borgoz the Slasher (level 7, -12/43 HPs)
             Began as a Gargoyle Gladiator on May 18, 2019.
             Mangled by an ogre
             ... wielding a +0 giant club
              (20 damage)
             ... on level 4 of the Dungeon.
             The game lasted 00:05:25 (3147 turns).

Borgoz the Slasher (Gargoyle Gladiator)             Turns: 3147, Time: 00:05:25

Health: -12/43     AC: 16    Str: 17 (18) XL:     7   Next: 14%
Magic:  7/7        EV:  8    Int:  7 (8)  God:
Gold:   177        SH:  0    Dex: 11 (13) Spells: 6/6 levels left

rFire    . . .     SeeInvis +   a - +0 long sword
rCold    . . .     Gourm    .   (no shield)
rNeg     + . .     Faith    .   j - +0 chain mail
rPois    ∞         Spirit   .   h - +0 helmet {SInv}
rElec    +         Reflect  .   q - +0 cloak
rCorr    .         Harm     .   (no gloves)
MR       .....                  (no boots)
Stlth    ..........             (no amulet)
HPRegen  0.14/turn              (no ring)
MPRegen  0.10/turn              (no ring)

@: no status effects
A: negative energy resistance 1, electricity resistance, unbreathing,
petrification resistance, rot immunity, AC +4
a: no special abilities


You were on level 4 of the Dungeon.
You were not hungry.

You visited 1 branch of the dungeon, and saw 4 of its levels.

You collected 177 gold pieces.

Inventory:

Hand Weapons
 a - a +0 long sword (weapon)
 b - a +1 short sword of draining
Missiles
 i - a throwing net (quivered)
Armour
 h - a +0 helmet of see invisible (worn)
 j - a +0 chain mail (worn)
 q - a +0 cloak (worn)
Wands
 l - a wand of flame (18)
Scrolls
 d - a scroll of enchant armour
 g - a scroll of immolation {unknown}
 k - 2 scrolls of remove curse {unknown}
 m - a scroll of fear {unknown}
 o - a scroll of amnesia {unknown}
 p - 5 scrolls of identify {unknown}
Potions
 c - a potion of curing
 e - 3 potions of flight
 s - a potion of degeneration
Comestibles
 f - 7 rations


   Skills:
 + Level 4.1 Fighting
 * Level 4.9 Long Blades
 - Level 1.7 Throwing
 + Level 3.2 Armour
 * Level 3.6 Dodging


You had 6 spell levels left.
You didn't know any spells.
Your spell library was empty.

Dungeon Overview and Level Annotations

Branches:
Dungeon (4/15)
 Temple: D:4-7

Altars:
Fedhas
Nemelex Xobeh
Xom

Annotations:
D:3 Grinder


Innate Abilities, Weirdness & Mutations

You are resistant to torment.
Your stone body is resilient. (AC +4)
You are immune to poison.
You resist negative energy. (rN+)
You are resistant to electric shocks. (rElec)
You can survive without breathing.
You are immune to petrification.
You are immune to rotting.


Message History

l - a wand of flame (18)
p - 5 scrolls labeled ZESIBB RELUHAT (gained 1)
An ogre comes into view. It is wielding a +0 giant club.
The ogre shouts!
An ogre is nearby!
The ogre hits you with a +0 giant club.
You hit the ogre but do no damage. The ogre hits you with a +0 giant club.
You hit the ogre but do no damage.
The ogre hits you with a +0 giant club!!
You are too injured to fight recklessly!
You are too injured to fight recklessly!
You are too injured to fight recklessly!
Your chain mail prevents you from hitting the ogre.
The ogre hits you with a +0 giant club!
* * * LOW HITPOINT WARNING * * *
You are too injured to fight recklessly!
You hit the ogre.
The ogre is lightly wounded.
The ogre hits you with a +0 giant club!!
You die...

)...............### ####÷......#
..................### ##.........
............>.......###..........
....#.................#..##...#..
....#...........#>#......#....###
....#.[....###.########..#..###
...........###..#### #.#...#
...................# #.....#
................@#.# #....##
................O..# ##..##
...............#...... ..#
.......##..##.###.........#
...##.# #..#... .......
.......##.....# #....#.
.......#......# ...##
.......#.....## .... ....#
........#


You could see an ogre.

Vanquished Creatures
  Sigmund (D:3)
  2 hounds (D:4)
  An iguana (D:4)
  An orc wizard (D:4)
  Robin (D:3)
  4 gnolls
  8 adders
  An adder zombie (D:4)
  A worm (D:4)
  A dart slug (D:1)
  6 leopard geckos
  4 orcs (D:4)
  5 bats
  8 giant cockroaches
  15 goblins
  5 hobgoblins
  6 jackals
  A ball python (D:4)
  5 frilled lizards
  7 kobolds
  3 rats
86 creatures vanquished.

Notes
Turn   | Place    | Note
-------+----------+-------------------------------------------
     0 | D:1      | Borgoz the Gargoyle Gladiator began the quest for the Orb.
     0 | D:1      | Reached XP level 1. HP: 12/12 MP: 1/1
    45 | D:1      | Reached XP level 2. HP: 13/18 MP: 2/2
   208 | D:1      | Reached skill level 1 in Armour
   208 | D:1      | Reached XP level 3. HP: 16/22 MP: 3/3
   862 | D:2      | Reached XP level 4. HP: 11/27 MP: 4/4
   991 | D:2      | Found a shimmering altar of Xom.
   991 | D:2      | Found a faded altar of an unknown god.
   998 | D:2      | Found a blossoming altar of Fedhas.
  1000 | D:2      | Found a sparkling altar of Nemelex Xobeh.
  1002 | D:2      | Found a faded altar of an unknown god.
  1279 | D:3      | Noticed Sigmund
  1322 | D:3      | Killed Sigmund
  1322 | D:3      | Reached XP level 5. HP: 16/32 MP: 5/5
  1322 | D:3      | Reached XP level 6. HP: 19/37 MP: 6/6
  1364 | D:3      | Noticed Robin
  1400 | D:3      | Killed Robin
  1568 | D:3      | Noticed Grinder
  1610 | D:3      | Paralysed by Grinder for 2 turns
  2633 | D:4      | Reached XP level 7. HP: 9/43 MP: 7/7
  2635 | D:4      | HP: 2/43 [orc wizard/magic dart (7)]
  2640 | D:4      | HP: 1/43 [orc/+0 club (2)]
  3147 | D:4      | Mangled by an ogre

Levels and vault maps discovered:
D:1:      lightli_arrival_chessboard, layout_basic, st_stairs_10
D:2:      layout_rooms, chequers_temple_overflow_minitemple
D:3:      layout_basic, item_on_display_b, uniq_sigmund, uniq_robin,
          uniq_grinder
D:4:      layout_cave_pools, first_ration, minmay_stone_trees_small

Skill      XL: |  1  2  3  4  5  6 |
---------------+-------------------+-----
Long Blades    | 3 4 |  4.9
Armour         | 1 2 3 |  3.2
Fighting       | 3 4 |  4.1
Dodging        | 3 |  3.6
Throwing       | |  1.7

Action                   |  1- 3 |  4- 6 |  7- 9 || total
-------------------------+-------+-------+-------++-------
Melee: Long sword        |   100 |   231 |    25 ||   356
Throw: Throwing net      |       |     3 |       ||     3
  Use: Potion            |       |     8 |       ||     8
       Scroll            |       |     1 |       ||     1
  Eat: Chunk             |       |     6 |     2 ||     8
Armor: Leather armour    |    69 |    10 |       ||    79
       Chain mail        |       |   195 |    15 ||   210
Dodge: Dodged            |    98 |   155 |     5 ||   258
       Rpst.: Long sword |    41 |    49 |     2 ||    92

Table legend:
 A = Non-vault XP
 B = Vault XP
 C = Vault XP percentage of total XP
 D = Non-vault monster count
 E = Vault monster count
 F = Vault count percentage of total count
                 A         B        C        D         E       F
            +---------+---------+-------+---------+---------+-------
      Total |     433 |     266 |  38.1 |      71 |      15 |  17.4
            +---------+---------+-------+---------+---------+-------
        D:1 |      60 |       5 |   7.7 |      24 |       3 |  11.1
        D:2 |      43 |       0 |   0.0 |      18 |       0 |   0.0
        D:3 |      67 |     261 |  79.6 |      11 |      12 |  52.2
        D:4 |     263 |       0 |   0.0 |      18 |       0 |   0.0
            +---------+---------+-------+---------+---------+-------
